 Dungeon Crawl Stone Soup version 0.31-a0-844-gdc52ec4 (webtiles) character file.

Game seed: 6071295363847508009

2129 BarneyGumball the Destroyer (level 9, -5/52 HPs)
             Began as a Deep Elf Conjurer on Sept 30, 2023.
             Was an Initiate of Vehumet.
             Succumbed to a hornet's poison
             ... on level 7 of the Dungeon.
             The game lasted 00:21:23 (7180 turns).

BarneyGumball the Destroyer (Deep Elf Conjurer)     Turns: 7180, Time: 00:21:24

Health: -5/52      AC:  6    Str:  4    XL:     9   Next: 8%
Magic:  8/15       EV: 14    Int: 28    God:    Vehumet [......]
Gold:   465        SH:  0    Dex: 13    Spells: 7/14 levels left

rFire   . . .        e - +0 dagger (elec)
rCold   . . .        (no shield)
rNeg    . . .        a - +1 robe
rPois   .            (no helmet)
rElec   .            (no cloak)
rCorr   .            k - +2 pair of gloves {hurl}
SInv    .            (no boots)
Will    .....        (no amulet)
Stlth   ++           (no ring)
HPRegen 0.28/turn    (no ring)
MPRegen 0.14/turn

%: no passive effects
@: lethally poisoned (-5 -> -32), slowed, very slow
A: no striking features
a: Renounce Religion


You were on level 7 of the Dungeon.
You worshipped Vehumet.
Vehumet was noncommittal.
You visited 2 branches of the dungeon, and saw 8 of its levels.
You also visited: Ossuary.

You collected 465 gold pieces.

Inventory:

Hand Weapons
 e - a +0 dagger of electrocution (weapon)
Missiles
 u - a javelin
 z - a curare-tipped dart
Armour
 a - a +1 robe (worn)
 k - a +2 pair of gloves of hurling (worn)
Wands
 v - a wand of flame (30)
Scrolls
 g - 2 scrolls of amnesia
 m - 2 scrolls of revelation
 r - a scroll of fog
 s - 2 scrolls of enchant armour
 w - a scroll of fear {unknown}
 x - a scroll of silence
 y - a scroll of vulnerability {unknown}
 A - a scroll of noise {unknown}
Potions
 b - a potion of magic
 c - 3 potions of attraction
 f - a potion of curing {unknown}
 h - a potion of brilliance {unknown}
 i - a potion of might {unknown}
 j - a potion of berserk rage {unknown}
 l - a potion of enlightenment {unknown}
 n - a potion of degeneration {unknown}
 o - a potion of cancellation {unknown}
 q - a potion of haste {unknown}


   Skills:
 - Level 4.0 Fighting
 - Level 3.0 Armour
 + Level 6.8 Dodging
 - Level 3.0 Stealth
 - Level 3.0 Spellcasting
 - Level 9.0 Conjurations
 - Level 5.0 Translocations


You had 7 spell levels left.
You knew the following spells:

 Your Spells              Type           Power      Damage    Failure   Level
a - Magic Dart            Conj           100%       1d8       1%          1
b - Searing Ray           Conj           100%       2d8       1%          2
c - Iskenderun's Mystic   Conj/Tloc      43%        2d10      4%          4

Your spell library contained the following spells:

 Spells                   Type           Power      Damage    Failure   Level
 Dazzling Flash           Conj/Hex       58%        N/A       3%          3
 Stone Arrow              Conj/Erth      58%        3d10      3%          3
 Sandblast                Erth           8%         2d5       9%          1
 Passwall                 Tmut/Erth      3%         N/A       12%         2
 Brom's Barrelling Bould  Conj/Erth      29%        2d5       13%         4
 Fulminant Prism          Conj/Hex       14%        3d9       13%         4


Dungeon Overview and Level Annotations

Branches:
Dungeon (7/15)             Temple (1/1) D:6         Ossuary (visited)

Altars:
Ashenzari
Cheibriados
Dithmenos
Elyvilon
Fedhas
Gozag
Hepliaklqana
Kikubaaqudgha
Makhleb
Nemelex Xobeh
Okawaru
Qazlal
Ru
Sif Muna
Uskayaw
Vehumet
Xom
Yredelemnul
Zin
The Shining One

Shops:
D:4 (   D:7 *

Annotations:
D:6 exclusion: two-headed ogre
D:7 Duvessa


Message History

The mystic blast hits the orc!
You kill the orc!
Vehumet accepts your kill.
The mystic blast hits the hound!
The hound is almost dead.
The hound is knocked back by the mystic blast.
The hound slams into the rock wall!
You kill the hound!
Vehumet accepts your kill.
The mystic blast hits the orc!
You kill the orc!
Vehumet accepts your kill.
The mystic blast hits the kobold brigand.
You kill the kobold brigand!
Vehumet accepts your kill.
The mystic blast hits the kobold.
The kobold is severely wounded.
The kobold is knocked back by the mystic blast.
The mystic blast hits the kobold.
You kill the kobold!
Vehumet accepts your kill.
The mystic blast hits the hornet but does no damage.
The hornet is moderately wounded.
Duvessa shouts!
* * * LOW HITPOINT WARNING * * *
You feel extremely sick.
You hear a shout!
The hornet stings you but does no damage.
The hornet closely misses you.
Casting: Iskenderun's Mystic Blast (dangerous; 4% risk of failure)
Confirm with . or Enter, or press ? or * to list all spells.
You erupt in a blast of force!
The mystic blast hits the kobold.
You kill the kobold!
Vehumet accepts your kill.
The mystic blast hits the hornet!
The hornet is severely wounded.
The hornet is knocked back by the mystic blast.
The hornet slams into the rock wall!
The hornet is severely wounded.
You die...

##########
######.y)......
...e..)@)))....
####..)))......
#...†.)f....
#..##...##..
#.. ....# . #..
....# ## .$.##
...#


You could see Duvessa, a hornet and a sleepcap.

Vanquished Creatures
  A steam dragon (D:7)
  A water moccasin (D:5)
  An orc warrior (D:6)
  An ice beast (D:6)
  A sky beast (D:7)
  2 ogres (D:6)
  2 phantoms (D:4)
  An elf zombie (Ossuary)
  2 kobold brigands
  3 scorpions
  2 howler monkeys
  4 hounds
  2 human zombies (Ossuary)
  2 jellies (D:5)
  An orc priest (D:6)
  2 iguanas
  2 sleepcaps
  4 orc wizards
  4 hound zombies (Ossuary)
  3 mummies (Ossuary)
  10 adders
  An ufetubus (D:6)
  4 adder zombies (Ossuary)
  2 worms
  2 dart slugs
  26 orcs
  4 bats (D:3)
  6 endoplasms
  3 giant cockroaches
  8 goblins
  5 hobgoblins
  14 jackals
  14 kobolds
  5 quokkas
  6 ball pythons
  4 frilled lizards (D:2)
  2 gnoll zombies (Ossuary)
  8 goblin zombies (Ossuary)
  2 hobgoblin zombies (Ossuary)
  2 jackal zombies (Ossuary)
  2 kobold zombies (Ossuary)
  2 orc zombies (Ossuary)
  3 quokka zombies (Ossuary)
  3 rats
  4 rat zombies (Ossuary)
183 creatures vanquished.

Notes
Turn   | Place    | Note
-------+----------+-------------------------------------------
     0 | D:1      | BarneyGumball the Deep Elf Conjurer began the quest for the
                  | Orb.
     0 | D:1      | Reached XP level 1. HP: 10/10 MP: 6/6
     1 | D:1      | Noticed an electric eel
    90 | D:1      | Reached skill level 1 in Translocations
   160 | D:1      | Reached XP level 2. HP: 15/15 MP: 6/8
   203 | D:1      | Learned a level 2 spell: Searing Ray
   927 | D:2      | Reached skill level 5 in Conjurations
   927 | D:2      | Reached XP level 3. HP: 19/19 MP: 6/9
  1713 | D:3      | Found a stormy altar of Qazlal.
  1736 | D:3      | Reached XP level 4. HP: 24/24 MP: 7/10
  2243 | D:4      | Found a sand-covered staircase.
  2264 | D:4      | Noticed a scorpion
  2301 | D:4      | Killed a scorpion
  2302 | D:4      | Reached skill level 6 in Conjurations
  2302 | D:4      | Reached XP level 5. HP: 28/28 MP: 6/11
  2348 | Ossuary  | Entered an ossuary
  2893 | Ossuary  | Reached XP level 6. HP: 32/32 MP: 2/12
  3378 | Ossuary  | Reached skill level 7 in Conjurations
  3378 | Ossuary  | Reached skill level 5 in Translocations
  3528 | D:4      | Learned a level 4 spell: Iskenderun's Mystic Blast
  3708 | D:4      | Reached XP level 7. HP: 31/36 MP: 5/13
  3832 | D:4      | Found Teatsiej's Firing Range.
  3882 | D:4      | Reached skill level 8 in Conjurations
  4109 | D:4      | Found a shadowy altar of Dithmenos.
  4194 | D:5      | Entered Level 5 of the Dungeon
  4340 | D:5      | Reached skill level 9 in Conjurations
  4547 | D:5      | Reached skill level 1 in Fighting
  4684 | D:5      | Reached skill level 1 in Armour
  4766 | D:5      | Reached XP level 8. HP: 43/43 MP: 1/14
  5208 | D:5      | Found a white marble altar of Elyvilon.
  5288 | D:6      | Found an iron altar of Okawaru.
  5549 | D:6      | Found a hazy altar of Hepliaklqana.
  5550 | D:6      | Noticed a two-headed ogre
  5689 | D:6      | Found a blossoming altar of Fedhas.
  5872 | D:6      | Found a staircase to the Ecumenical Temple.
  5881 | Temple   | Entered the Ecumenical Temple
  5890 | Temple   | Became a worshipper of Vehumet
  6062 | D:6      | Found a hide-covered altar of Uskayaw.
  6071 | D:6      | Reached skill level 5 in Dodging
  6315 | D:6      | Found a shimmering blue altar of Sif Muna.
  7147 | D:7      | Found Omadiqaw's General Store.
  7162 | D:7      | Noticed a hornet
  7171 | D:7      | Reached XP level 9. HP: 23/52 MP: 6/15
  7177 | D:7      | Noticed Duvessa
  7180 | D:7      | Succumbed to a hornet's poison

Illustrated notes

Levels and vault maps discovered:
D:1:      arrival_aquarium_a, layout_loops_ring, fountainhead
D:2:      layout_rooms
D:3:      layout_basic, mainiacjoe_overflow_chevrons
D:4:      layout_basic, nicolae_dithmenos_through_a_glass_darkly,
          nicolae_ossuary_entry_monument, serial_glass, glass_columns_c,
          glass_columns_a, glass_columns_a, glass_columns_b, glass_columns_a,
          glass_columns_c, nicolae_shop_firing_range
D:5:      layout_cave_pools, nicolae_overflow_hidden_temple
D:6:      layout_loops_cross, nicolae_hepliaklqana_hazy_memory, led_sif_book,
          nicolae_uskayaw_dance_studio, mainiacjoe_overflow_alcove_4,
          okawaru_ov_weapons_minmay, minmay_temple_entry_junction
D:7:      layout_rooms, trog_wizard, serial_shops, nicolae_square_shop,
          hellmonk_no_cap, uniq_duvessa
Temple:   nicolae_temple_no_exploring_needed

Skill      XL: |  1  2  3  4  5  6  7  8 |
---------------+-------------------------+-----
Translocations | 1 2 4 5 |  5.0
Conjurations   | 5 6 7 9 |  9.0
Fighting       | 1 4 |  4.0
Dodging        | 3 6 |  6.8
Armour         | 1 3 |  3.0
Stealth        | 3 |  3.0
Spellcasting   | |  3.0

Action                     |  1- 3 |  4- 6 |  7- 9 || total
---------------------------+-------+-------+-------++-------
  Melee: Dagger            |       |    17 |     3 ||    20
   Cast: Magic Dart        |    78 |   121 |   127 ||   326
         Searing Ray       |     1 |    14 |    29 ||    44
         Iskenderun's Myst |       |       |     9 ||     9
    Use: Scroll            |       |       |     9 ||     9
         Potion            |       |       |     3 ||     3
 Armour: Robe              |     2 |    19 |    34 ||    55
  Dodge: Dodged            |     1 |    14 |    33 ||    48

Table legend: (Time is in decaauts)
 A = Elapsed time spent in this place.
 B = Non-inter-level travel time spent in this place.
 C = Inter-level travel time spent in this place.
 D = Time resting spent in this place.
 E = Time spent auto-exploring this place.
 F = Levels seen in this place.
 G = Mean time per level.
                   A        B        C        D        E       F      G
               +--------+--------+--------+--------+--------+-----+--------+
         Total |   7185 |   7024 |    161 |   1507 |   4273 |   9 |  798.3 |
       Dungeon |   6015 |   5871 |    144 |    717 |   4273 |   7 |  859.3 |
        Temple |     18 |      1 |     17 |      0 |      0 |   1 |   18.0 |
       Ossuary |   1150 |   1150 |      0 |    790 |      0 |   1 | 1150.0 |
               +--------+--------+--------+--------+--------+-----+--------+

Top non-repeatable levels by time:
     D:6: 1529 daAuts
     D:5: 1174 daAuts
 Ossuary: 1150 daAuts
     D:1: 900 daAuts
     D:4: 829 daAuts
     D:2: 722 daAuts
     D:3: 588 daAuts
     D:7: 270 daAuts
  Temple: 18 daAuts
